 Dungeon Crawl Stone Soup version 0.28-a0-1128-gb845255321 (webtiles) character file.

Game seed: 1497701860478656496

1221 Decritt the Skirmisher (level 8, -1/53 HPs)
             Began as a Gargoyle Fighter on Dec 12, 2021.
             Was an Initiate of Ru.
             Slain by an ice beast (6 damage)
             ... on level 6 of the Dungeon.
             The game lasted 00:10:35 (6896 turns).

Decritt the Skirmisher (Gargoyle Fighter)           Turns: 6896, Time: 00:10:36

Health: -1/53      AC: 21    Str: 23    XL:     8   Next: 47%
Magic:  8/8        EV:  6    Int:  8    God:    Ru [......]
Gold:   269        SH:  5    Dex: 15    Spells: 7/7 levels left

rFire   . . .      SeeInvis .   i - +0 whip (elec)
rCold   . . .      Faith    .   c - +0 buckler
rNeg    + . .      Spirit   .   p - +1 plate armour
rPois   ∞          Reflect  .   (no helmet)
rElec   +          Harm     .   j - +0 cloak
rCorr   .          Rampage  .   (no gloves)
Will    .....                   B - +0 pair of boots
Stlth   ..........              (no amulet)
HPRegen 0.17/turn               y - +6 ring of dexterity
MPRegen 0.11/turn               (no ring)

@: no status effects
A: sickness immunity, AC +5, negative energy resistance 1, screaming 1,
electricity resistance, torment resistance 1, petrification resistance
a: Renounce Religion


You were on level 6 of the Dungeon.
You worshipped Ru.
Ru was noncommittal.
You visited 1 branch of the dungeon, and saw 6 of its levels.

You collected 269 gold pieces.

Inventory:

Hand Weapons
 a - a +0 flail
 e - a +1 mace of protection
 g - a +1 whip of freezing
 i - a +0 whip of electrocution (weapon)
 q - a +2 dagger of venom
Armour
 b - a +0 scale mail
 c - a +0 buckler (worn)
 j - a +0 cloak (worn)
 p - a +1 plate armour (worn)
 B - a +0 pair of boots (worn)
Jewellery
 y - a +6 ring of dexterity (left hand)
 A - a +6 ring of intelligence
Wands
 s - a wand of charming (14)
 w - a wand of digging (4)
Scrolls
 t - a scroll of blinking
Potions
 d - a potion of might
 f - a potion of heal wounds {unknown}
 h - a potion of curing
 k - a potion of haste {unknown}
 l - 3 potions of magic
 m - a potion of flight {unknown}
 o - 2 potions of attraction
 z - a potion of ambrosia


   Skills:
 * Level 7.0 Fighting
 - Level 2.9(4.1) Axes
 * Level 4.9(5.4) Maces & Flails
 + Level 5.4 Armour
 + Level 5.4 Shields


You had 7 spell levels left.
You didn't know any spells.
Your spell library contained the following spells:

 Spells                   Type           Power      Damage    Failure   Level
 Animate Skeleton         Necr           0%         N/A       100%        1
 Foxfire                  Conj/Fire      0%         2x1d4     100%        1
 Pain                     Necr           0%         1d4       100%        1
 Call Canine Familiar     Summ           0%         N/A       100%        3
 Conjure Flame            Conj/Fire      0%         6-21      100%        3
 Inner Flame              Hex/Fire       0%         N/A       100%        3
 Portal Projectile        Hex/Tloc       0%         N/A       100%        3
 Vampiric Draining        Necr           0%         2d6       100%        3
 Flame Wave               Conj/Fire      0%         2d4       100%        4
 Leda's Liquefaction      Hex/Erth       0%         N/A       100%        4
 Fireball                 Conj/Fire      0%         3d3       100%        5
 Starburst                Conj/Fire      0%         6d3       100%        6
 Ignition                 Fire           0%         3d3       100%        8


Dungeon Overview and Level Annotations

Branches:
Dungeon (6/15)
 Temple: D:4-7

Altars:
Ru
Wu Jian


Innate Abilities, Weirdness & Mutations

You are immune to sickness and miasma.
Your stone body is resilient. (AC +5)
You are immune to poison.
You resist negative energy. (rN+)
You occasionally shout uncontrollably at your foes.
You are resistant to electric shocks. (rElec)
You are resistant to unholy torment.
You are immune to petrification.


Message History

You closely miss the water moccasin.
The water moccasin is heavily wounded.
The water moccasin bites you.
* * * LOW HITPOINT WARNING * * *
The ice beast barely misses you.
The water moccasin bites you but does no damage.
You closely miss the water moccasin.
The water moccasin is heavily wounded.
The ice beast hits you but does no damage.
The water moccasin bites you.
* * * LOW HITPOINT WARNING * * *
You hit the water moccasin.
The water moccasin is severely wounded.
The water moccasin barely misses you. The ice beast closely misses you.
The water moccasin bites you but does no damage.
The water moccasin barely misses you.
The water moccasin bites you but does no damage.
You block the water moccasin's attack.
There is a stone staircase leading down here.
You barely miss the water moccasin.
The water moccasin is severely wounded.
The water moccasin bites you.
* * * LOW HITPOINT WARNING * * *
The ice beast hits you but does no damage.
The water moccasin completely misses you.
The water moccasin bites you but does no damage.
You hit the water moccasin but do no damage.
Lightning courses through the water moccasin!!
You kill the water moccasin!
Your Fighting skill increases to level 7!
The ice beast hits you.
* * * LOW HITPOINT WARNING * * *
The ice beast freezes you!
* * * LOW HITPOINT WARNING * * *
You see here a water moccasin corpse.
You hit the ice beast but do no damage. The ice beast barely misses you.
You closely miss the ice beast. The ice beast hits you.
* * * LOW HITPOINT WARNING * * *
The ice beast freezes you.
You die...

...#
....<...##........#.#.###
...# ...................#.#.#
...##........................
.............................
.............................
........................
.........[..........#
........<.........>.#
................@Y..#
....................#
....................#
########.#####......#
........# ######## #.#######


You could see an ice beast.

Vanquished Creatures
  A water moccasin (D:6)
  An ogre (D:5)
  A necrophage (D:4)
  A phantom (D:6)
  A scorpion (D:5)
  2 water moccasin skeletons
  A bullfrog zombie (D:6)
  3 hounds
  A gnoll shaman (D:6)
  2 orc priests
  Crazy Yiuf (D:3)
  A bullfrog skeleton (D:3)
  3 iguanas
  2 orc wizards
  2 hound skeletons (D:4)
  11 gnolls
  4 adders
  An ufetubus (D:5)
  An adder skeleton (D:4)
  2 worms
  4 dart slugs
  14 orcs
  5 ball pythons
  5 endoplasms
  3 giant cockroaches
  9 goblins
  7 hobgoblins
  9 jackals
  10 kobolds
  10 quokkas
  7 bats
  5 frilled lizards
  10 rats
140 creatures vanquished.

Notes
Turn   | Place    | Note
-------+----------+-------------------------------------------
     0 | D:1      | Decritt the Gargoyle Fighter began the quest for the Orb.
     0 | D:1      | Reached XP level 1. HP: 14/14 MP: 1/1
   169 | D:1      | Reached XP level 2. HP: 19/19 MP: 2/2
   340 | D:1      | Reached XP level 3. HP: 10/24 MP: 3/3
  1036 | D:2      | Found an ornate altar of the Wu Jian Council.
  1303 | D:2      | Reached skill level 4 in Fighting
  1368 | D:2      | Reached XP level 4. HP: 29/29 MP: 4/4
  1497 | D:2      | Reached skill level 1 in Axes
  2099 | D:2      | Reached XP level 5. HP: 22/33 MP: 5/5
  2870 | D:3      | Reached XP level 6. HP: 28/40 MP: 6/6
  3055 | D:3      | Found a runed translucent door.
  3056 | D:3      | Noticed Crazy Yiuf
  3068 | D:3      | Killed Crazy Yiuf
  3119 | D:3      | Found a faded altar of an unknown god.
  3275 | D:3      | Reached skill level 5 in Fighting
  3868 | D:4      | Noticed a necrophage
  3883 | D:4      | Killed a necrophage
  3995 | D:4      | Reached XP level 7. HP: 43/44 MP: 7/7
  4247 | D:4      | Found a sacrificial altar of Ru.
  4626 | D:4      | Became a worshipper of Ru the Awakened
  4787 | D:5      | Entered Level 5 of the Dungeon
  4835 | D:5      | Reached skill level 6 in Fighting
  5259 | D:5      | Reached skill level 5 in Armour
  5490 | D:5      | Reached skill level 5 in Shields
  5490 | D:5      | Reached XP level 8. HP: 52/52 MP: 8/8
  6291 | D:6      | Gained mutation: You occasionally shout uncontrollably at
                  | your foes. [Ru sacrifice]
  6566 | D:6      | HP: 2/52 [orc priest/divine providence (13)]
  6894 | D:6      | Reached skill level 7 in Fighting
  6896 | D:6      | Slain by an ice beast

Illustrated notes

Levels and vault maps discovered:
D:1:      minmay_arrival_shattered_statue, layout_rooms, minmay_misc_feat_alley,
          lemuel_old_faithful
D:2:      minmay_razor_zed, layout_basic, basic_altar
D:3:      layout_loops_cross, basic_ecumenical_altar,
          hangedman_abyss_or_decor_stabs, grunt_ministairs_4,
          minmay_misc_feat_x, uniq_crazy_yiuf_cottage
D:4:      layout_basic, mainiacjoe_overflow_brackets
D:5:      layout_loops_cross
D:6:      layout_basic, minmay_divided_ellipse

Skill      XL: |  1  2  3  4  5  6  7  8 |
---------------+-------------------------+-----
Fighting       | 4 5 6 7 |  7.0
Axes           | 1 2 |  2.9
Armour         | 4 5 |  5.4
Shields        | 4 5 |  5.4
Maces & Flails | 3 4 |  4.9

Action                   |  1- 3 |  4- 6 |  7- 9 || total
-------------------------+-------+-------+-------++-------
Melee: Flail             |   148 |    45 |       ||   193
       Dagger            |       |    74 |       ||    74
       Mace              |       |    27 |       ||    27
       Whip              |       |    60 |   252 ||   312
Invok: Sacrifice Purity  |       |       |     1 ||     1
  Use: Scroll            |       |     7 |     9 ||    16
       Potion            |       |       |     1 ||     1
Armor: Scale mail        |   100 |    26 |       ||   126
       Plate armour      |       |    92 |   172 ||   264
Dodge: Dodged            |    90 |    75 |    94 ||   259
Block: Buckler           |    44 |    36 |    66 ||   146

Table legend: (Time is in decaauts)
 A = Elapsed time spent in this place.
 B = Non-inter-level travel time spent in this place.
 C = Inter-level travel time spent in this place.
 D = Time resting spent in this place.
 E = Time spent auto-exploring this place.
 F = Levels seen in this place.
 G = Mean time per level.
                   A        B        C        D        E       F      G
               +--------+--------+--------+--------+--------+-----+--------+
         Total |   6920 |   6738 |    182 |   1675 |   3932 |   6 | 1153.3 |
       Dungeon |   6920 |   6738 |    182 |   1675 |   3932 |   6 | 1153.3 |
               +--------+--------+--------+--------+--------+-----+--------+

Top non-repeatable levels by time:
     D:2: 1612 daAuts
     D:3: 1178 daAuts
     D:5: 1125 daAuts
     D:4: 1095 daAuts
     D:6: 956 daAuts
     D:1: 951 daAuts
